 Dungeon Crawl Stone Soup version 0.22.1-1-ga44c0e5 (webtiles) character file.

1535 HaraKiri the Firebug (level 8, 0/41 HPs)
             Began as a Deep Elf Fire Elementalist on Oct 15, 2018.
             Was an Initiate of Vehumet.
             Slain by Duvessa
             ... wielding a +0 rapier
              (16 damage)
             ... on level 4 of the Dungeon.
             The game lasted 00:29:37 (5938 turns).

HaraKiri the Firebug (Deep Elf Fire Elementalist)   Turns: 5938, Time: 00:29:37

Health: 0/41       AC:  6    Str:  4 (5)  XL:     8   Next: 55%
Magic:  3/17       EV: 12    Int: 20 (23) God:    Vehumet [......]
Gold:   317        SH:  0    Dex: 12 (15) Spells: 6/16 levels left

rFire    . . .     SeeInvis .   l - +0 dagger
rCold    . . .     Gourm    .   (no shield)
rNeg     . . .     Faith    .   a - +0 robe
rPois    .         Spirit   .   v - +2 hat
rElec    .         Reflect  .   (no cloak)
rCorr    .         Harm     .   (no gloves)
MR       .....                  A - +1 pair of boots
Stlth    +++.......             (no amulet)
HPRegen  0.13/turn              s - ring of wizardry
MPRegen  0.15/turn              y - ring of stealth

@: no status effects
A: no striking features
a: Renounce Religion


You were on level 4 of the Dungeon.
You worshipped Vehumet.
Vehumet was noncommittal.
You were not hungry.

You visited 2 branches of the dungeon, and saw 7 of its levels.

You collected 317 gold pieces.

Inventory:

Hand Weapons
 f - a +0 rapier
 h - a +0 short sword
 j - a +0 hunting sling
 l - a +0 dagger (weapon)
 x - the +11 falchion of Xysolitt {elec, MR+, unknown}
   (You took it off an orc on level 5 of the Dungeon)

   Occasionally, upon striking a foe, it will discharge some electrical energy
   and cause terrible harm.
   It affects your resistance to hostile enchantments.
 F - a +0 falchion of holy wrath
Missiles
 d - 170 stones (quivered)
Armour
 a - a +0 robe (worn)
 m - a +0 pair of boots
 v - a +2 hat (worn)
 A - a +1 pair of boots (worn)
Jewellery
 s - a ring of wizardry (left hand)
 y - a ring of stealth (right hand)
 B - an uncursed ring of positive energy
Wands
 w - a wand of paralysis (6)
 D - a wand of flame (18)
Scrolls
 b - a scroll of fear {unknown}
 i - 3 scrolls of identify
 k - 2 scrolls of noise
 n - a scroll of enchant armour {unknown}
 o - a scroll of remove curse {unknown}
 p - a scroll of fog
 q - a scroll of immolation {unknown}
 r - a scroll of enchant weapon {unknown}
 t - a scroll of teleportation
Potions
 e - 2 potions of mutation {unknown}
 u - 2 potions of brilliance {unknown}
 z - a potion of flight {unknown}
 C - a potion of heal wounds {unknown}
 E - 2 potions of magic {unknown}
Comestibles
 c - 8 rations


   Skills:
 + Level 6.2 Short Blades
 - Level 2.4 Dodging
 - Level 2.4 Stealth
 + Level 4.9 Spellcasting
 * Level 6.2 Conjurations
 * Level 7.0 Fire Magic


You had 6 spell levels left.
You knew the following spells:

 Your Spells              Type           Power        Failure   Level  Hunger
a - Flame Tongue          Conj/Fire      ####.        1%          1    None
b - Throw Flame           Conj/Fire      ####..       1%          2    #......
c - Conjure Flame         Conj/Fire      ####....     1%          3    ##.....
d - Sticky Flame          Conj/Fire      ####....     3%          4    ####...

Your spell library contained the following spells:

 Spells                   Type           Power        Failure   Level  Hunger
 Inner Flame              Hex/Fire       ###.....     3%          3    ##.....
 Fireball                 Conj/Fire      ####......   9%          5    ######.


Dungeon Overview and Level Annotations

Branches:
Dungeon (6/15)             Temple (1/1) D:4

Altars:
Cheibriados
Dithmenos
Elyvilon
Fedhas
Gozag
Hepliaklqana
Kikubaaqudgha
Makhleb
Okawaru
Uskayaw
Vehumet
Wu Jian
Xom
Yredelemnul
Zin
The Shining One

Annotations:
D:4 TBC, Duvessa
D:6 Menkaure


Message History

Confirm with . or Enter, or press ? or * to list all spells.
Aiming: Flame Tongue (safe; 1% risk of failure)
Press: ? - help, Shift-Dir - straight line, f - Duvessa
Aim: Duvessa, wielding a rapier and wearing a glowing chain mail (flame, The flame tongue hits Duvessa.
Duvessa resists.
Duvessa is lightly wounded.
Duvessa is engulfed in blazing flames.
A gnoll comes into view.
Duvessa closely misses you. Duvessa hits you with a rapier!
Duvessa hits you with a rapier!
Duvessa rages.
Duvessa rages.
Duvessa hits you with a rapier.
You feel better. Duvessa hits you with a rapier.
Duvessa hits you with a rapier!
* * * LOW HITPOINT WARNING * * *
You feel better. Duvessa barely misses you. Duvessa hits you with a rapier!
You die...

..# #.# ##### #.# #....
#####.# #.### ###
#.....##########.# ...#
#.............##.# #..#
##..#..........##.# # #..#
##..##e............# #
#..###..##@.######.###### #
#..#..##.#.# #.......#####
#...##..#.# #............
##.##.#.#.###...##.##....
#g#.##.#.#...#.#...#.##. .#.
.# #.#. #.#.#...#.......#..
...# .# #)#
#.##.......#........ #..#
..#.#..##..#...#.##..#....
...##.#g#.##...............#..


You could see Duvessa (berserk).

Vanquished Creatures
  Pikel (D:4)
  Eustachio (D:4)
  2 slaves (D:4)
  A sky beast (D:5)
  A phantom (D:3)
  An ogre (D:6)
  A bullfrog (D:6)
  Dowan (D:4)
  3 scorpions
  A bullfrog zombie (D:4)
  A jelly (D:6)
  2 hounds (D:6)
  A centaur skeleton (D:4)
  A worker ant (D:4)
  An iguana (D:4)
  4 gnolls (D:3)
  8 adders
  A shadow imp (D:6)
  An ooze (D:3)
  An adder skeleton (D:4)
  2 worms
  2 dart slugs (D:1)
  4 leopard geckos
  4 orcs
  5 giant cockroaches
  5 goblins
  10 hobgoblins
  2 jackals (D:1)
  2 quokkas (D:3)
  5 ball pythons
  9 bats
  4 frilled lizards
  7 kobolds
  4 rats
99 creatures vanquished.

Notes
Turn   | Place    | Note
-------+----------+-------------------------------------------
     0 | D:1      | HaraKiri the Deep Elf Fire Elementalist began the quest for
                  | the Orb.
     0 | D:1      | Reached XP level 1. HP: 10/10 MP: 6/6
   120 | D:1      | Reached XP level 2. HP: 15/15 MP: 4/8
   233 | D:1      | Learned a level 2 spell: Throw Flame
   650 | D:1      | Reached skill level 4 in Fire Magic
   763 | D:1      | Reached XP level 3. HP: 19/19 MP: 7/9
   840 | D:2      | Learned a level 3 spell: Conjure Flame
  1076 | D:2      | Reached XP level 4. HP: 24/24 MP: 7/10
  1706 | D:3      | Found an ancient bone altar of Kikubaaqudgha.
  1706 | D:3      | Found a faded altar of an unknown god.
  1712 | D:3      | Found a faded altar of an unknown god.
  1714 | D:3      | Found a glowing silver altar of Zin.
  1716 | D:3      | Found a hide-covered altar of Uskayaw.
  1879 | D:3      | Reached skill level 5 in Fire Magic
  1879 | D:3      | Reached XP level 5. HP: 28/28 MP: 0/11
  2023 | D:3      | Learned a level 4 spell: Sticky Flame
  2325 | D:3      | Found a snail-covered altar of Cheibriados.
  2661 | D:4      | Found a staircase to the Ecumenical Temple.
  2671 | Temple   | Entered the Ecumenical Temple
  2716 | Temple   | Became a worshipper of Vehumet
  2989 | D:4      | Noticed a slave
  2996 | D:4      | Noticed a slave
  2996 | D:4      | Noticed Pikel
  3013 | D:4      | Killed a slave
  3080 | D:4      | Noticed a slave
  3123 | D:4      | Killed a slave
  3238 | D:4      | Reached XP level 6. HP: 26/32 MP: 9/13
  3356 | D:4      | Noticed a slave
  3417 | D:3      | Reached skill level 5 in Conjurations
  3798 | D:4      | Noticed Eustachio
  3822 | D:4      | Reached skill level 6 in Fire Magic
  4005 | D:5      | Entered Level 5 of the Dungeon
  4101 | D:5      | Got a twisted falchion {elec}
  4314 | D:5      | Noticed a sky beast
  4322 | D:5      | Killed a sky beast
  4322 | D:5      | Reached XP level 7. HP: 26/36 MP: 5/15
  4914 | D:6      | Reached skill level 1 in Short Blades
  5105 | D:6      | Noticed Menkaure
  5332 | D:4      | Killed Pikel
  5332 | D:4      | Reached XP level 8. HP: 41/41 MP: 3/16
  5435 | D:4      | Killed Eustachio
  5554 | D:4      | Noticed Duvessa
  5554 | D:4      | Noticed Dowan
  5920 | D:4      | Killed Dowan
  5920 | D:4      | Reached skill level 7 in Fire Magic
  5938 | D:4      | Slain by Duvessa

Skill      XL: |  1  2  3  4  5  6  7  8 |
---------------+-------------------------+-----
Conjurations   | 2 3 4 5 6 |  6.2
Fire Magic     | 4 5 6 7 |  7.0
Spellcasting   | 4 |  4.9
Short Blades   | 6 |  6.2
Dodging        | |  2.4
Stealth        | |  2.4

Action                   |  1- 3 |  4- 6 |  7- 9 || total
-------------------------+-------+-------+-------++-------
Melee: Dagger            |       |       |    19 ||    19
 Cast: Flame Tongue      |    55 |   155 |    46 ||   256
       Conjure Flame     |       |     8 |     4 ||    12
       Throw Flame       |       |     6 |     9 ||    15
       Sticky Flame      |       |       |     2 ||     2
Evoke: Wand              |       |       |     1 ||     1
  Use: Potion            |       |       |     4 ||     4
       Scroll            |       |       |     3 ||     3
  Eat: Chunk             |       |     7 |     2 ||     9
       Ration            |       |     1 |     1 ||     2
Armor: Robe              |     2 |    10 |    10 ||    22
Dodge: Dodged            |     9 |    47 |    28 ||    84
